 Dungeon Crawl Stone Soup version 0.21-a0-442-g848f44b (webtiles) character file.

77 takeover the Ruffian (level 4, -3/45 HPs)
             Began as a Troll Monk on Nov 14, 2017.
             Slain by Sigmund
             ... wielding a +0 scythe
              (8 damage)
             ... on level 3 of the Dungeon.
             The game lasted 00:02:48 (2345 turns).

takeover the Ruffian (Troll Monk)                   Turns: 2345, Time: 00:02:49

Health: -3/45      AC:  5    Str: 18 (20) XL:     4   Next: 13%
Magic:  3/3        EV: 10    Int:  9 (11) God:
Gold:   131        SH:  0    Dex: 10 (12) Spells: 3/3 levels left

rFire    + . .     SeeInvis .     - Unarmed
rCold    . . .     Gourm    +   (no shield)
rNeg     . . .     Faith    .   a - +0 robe
rPois    .         Spirit   .   (helmet restricted)
rElec    .         Reflect  .   (no cloak)
rCorr    .         Harm     .   (gloves unavailable)
MR       .....                  (boots unavailable)
Stlth    +.........             (no amulet)
HPRegen  0.55/turn              n - ring of protection from fire
MPRegen  0.08/turn              (no ring)

@: brilliant, flying
A: unfitting armour, claws 3, fast metabolism 3, gourmand, regeneration 1,
shaggy fur 1, tough skin 2
a: no special abilities


You were on level 3 of the Dungeon.
You were not hungry.

You visited 1 branch of the dungeon, and saw 3 of its levels.

You collected 131 gold pieces.

Inventory:

Missiles
 h - 84 stones (quivered)
Armour
 a - a +0 robe (worn)
Jewellery
 n - a ring of protection from fire (left claw)
Wands
 m - a wand of confusion (22/48)
Scrolls
 c - 4 scrolls of remove curse {unknown}
 d - 3 scrolls of identify {unknown}
 e - a scroll of magic mapping {unknown}
 g - a scroll of fog {unknown}
 i - 2 scrolls of immolation {unknown}
 j - a scroll of amnesia {unknown}
 q - a scroll of fear {unknown}
Potions
 k - a potion of might
Comestibles
 b - 4 bread rations
 f - a meat ration


   Skills:
 + Level 3.0 Fighting
 - Level 2.4 Dodging
 - Level 1.0 Stealth
 * Level 4.4 Unarmed Combat


You had 3 spell levels left.
You didn't know any spells.

Dungeon Overview and Level Annotations

Branches:
Dungeon (3/15)

Altars:
Ashenzari
Cheibriados
Xom
Zin

Annotations:
D:3 Sigmund


Innate Abilities, Weirdness & Mutations

You are too large for most types of armour.
You have claws for hands.
Your metabolism is lightning-fast.
You like to eat raw meat.
Your natural rate of healing is unusually fast.
You are covered in fur. (AC +1)
You have very tough skin. (AC +2)


Message History

You fly up into the air.
Something hits you!
* * * LOW HITPOINT WARNING * * *
Okay, then.
Okay, then.
You hear some strange, mumbled words.
You are confused.
You bump into the rock wall.
You're too confused to move!
A magic dart appears from out of thin air!
The magic dart hits you!
* * * LOW HITPOINT WARNING * * *
You bump into the rock wall.
Something hits you.
* * * LOW HITPOINT WARNING * * *
You're too confused!
You bump into the rock wall.
You bump into the rock wall.
Something hits you but does no damage.
You bump into the rock wall.
You feel less confused. Something hits you!
You die...

### #.# ##### ## #
##.###.# #... ....
####...##.####.###....##
'..÷.........†..........
###.......####.#.#.... #
#.#.##### #.#.##.#.#
#.### #.{......# #.#
###.###### #.# #@# #.#
#.# #.# #.# #.# ## ...
.. .#. ## . . ## ##


There were no monsters in sight!

Vanquished Creatures
  2 adders
  An ooze (D:1)
  2 worms (D:2)
  A dart slug (D:1)
  A leopard gecko (D:3)
  An orc (D:3)
  8 bats
  3 giant cockroaches
  A goblin (D:1)
  5 hobgoblins
  7 jackals (D:2)
  5 kobolds
  A quokka (D:2)
  2 ball pythons
  A frilled lizard (D:2)
  5 rats
46 creatures vanquished.

Notes
Turn   | Place    | Note
-------+----------+-------------------------------------------
     0 | D:1      | takeover the Troll Monk began the quest for the Orb.
     0 | D:1      | Reached XP level 1. HP: 22/22 MP: 0/0
   348 | D:1      | Reached XP level 2. HP: 29/29 MP: 1/1
  1229 | D:2      | Reached XP level 3. HP: 30/36 MP: 2/2
  1303 | D:2      | Found a glowing silver altar of Zin.
  1307 | D:2      | Reached skill level 4 in Unarmed Combat
  1437 | D:2      | Found a shattered altar of Ashenzari.
  1438 | D:2      | Found a snail-covered altar of Cheibriados.
  1438 | D:2      | Found a shimmering altar of Xom.
  2169 | D:3      | Reached XP level 4. HP: 45/45 MP: 3/3
  2323 | D:3      | Noticed Sigmund
  2345 | D:3      | Slain by Sigmund

Vault maps used:
D:1:      ncdulo_wetmaze, minmay_misc_feat_secret_circle
D:2:      grunt_temple_overflow_open, lemuel_round_altar
D:3:      first_bread, nicolae_qazlal_general_emergency, uniq_sigmund

Skill      XL: |  1  2  3 |
---------------+----------+-----
Unarmed Combat | 4 |  4.4
Fighting       | 3 |  3.0
Dodging        | |  2.4
Stealth        | |  1.0

Action                   |  1- 3 |  4- 6 || total
-------------------------+-------+-------++-------
Melee: Unarmed           |    99 |    22 ||   121
       Punch             |     1 |       ||     1
  Use: Potion            |       |     5 ||     5
 Stab: Sleeping          |     3 |       ||     3
  Eat: Chunk             |    20 |     1 ||    21
Armor: Robe              |    31 |    10 ||    41
Dodge: Dodged            |    51 |    11 ||    62

Table legend:
 A = Spawn XP
 B = Non-spawn XP
 C = Spawn XP percentage of total XP
 D = Spawn monster count
 E = Non-spawn monster count
 F = Spawn count percentage of total count
 G = Total turns spent on level
                    A         B        C        D         E        F      G
               +---------+---------+-------+---------+---------+-------+---------
         Total |       0 |     110 |   0.0 |       0 |      46 |   0.0 |  2345
               +---------+---------+-------+---------+---------+-------+---------
           D:1 |       0 |      38 |   0.0 |       0 |      18 |   0.0 |  1084
           D:2 |       0 |      46 |   0.0 |       0 |      17 |   0.0 |   944
           D:3 |       0 |      26 |   0.0 |       0 |      11 |   0.0 |   317
               +---------+---------+-------+---------+---------+-------+---------
